 Dungeon Crawl Stone Soup version 0.30-a0-177-g1cb5dbfd7a (webtiles) character file.

Game seed: 4794910766580644718

310 gruber the Conjurer (level 6, -12/32 HPs)
             Began as a Deep Elf Conjurer on Oct 1, 2022.
             Shot with an arrow by a centaur (15 damage)
             ... on level 4 of the Dungeon on Oct 2, 2022.
             The game lasted 00:03:26 (3495 turns).

gruber the Conjurer (Deep Elf Conjurer)             Turns: 3495, Time: 00:03:26

Health: -12/32     AC:  3    Str:  4    XL:     6   Next: 18%
Magic:  15/15      EV: 12    Int: 25    God:
Gold:   73         SH:  0    Dex: 13    Spells: 7/14 levels left

rFire   . . .      SeeInvis .    r - +1 dagger (protect)
rCold   . . .      Faith    .    (no shield)
rNeg    . . .      Spirit   .    a - +0 robe
rPois   .          Reflect  .    (no helmet)
rElec   .          Harm     .    o - scarf {+Inv}
rCorr   .          Rampage  .    (no gloves)
Will    .....                    n - +0 pair of boots
Stlth   ++........               (no amulet)
HPRegen 0.25/turn                (no ring)
MPRegen 0.14/turn                (no ring)

@: no status effects
A: no striking features
a: Evoke Invisibility


You were on level 4 of the Dungeon.
You visited 2 branches of the dungeon, and saw 5 of its levels.

You collected 73 gold pieces.

Inventory:

Hand Weapons
 r - a +1 dagger of protection (weapon)
Armour
 a - a +0 robe (worn)
 n - a +0 pair of boots (worn)
 o - a scarf of invisibility (worn)
Wands
 k - a wand of flame (20)
Scrolls
 c - a scroll of noise {unknown}
 d - a scroll of blinking {unknown}
 f - 2 scrolls of amnesia {unknown}
 g - a scroll of fog {unknown}
 i - a scroll of poison {unknown}
 l - a scroll of vulnerability {unknown}
 p - 2 scrolls of identify {unknown}
 s - a scroll of fear {unknown}
Potions
 b - a potion of magic
 e - a potion of curing {unknown}
 h - a potion of attraction {unknown}
 j - 3 potions of cancellation {unknown}
 m - 2 potions of mutation {unknown}
 q - a potion of haste


   Skills:
 - Level 2.4 Dodging
 - Level 2.4 Stealth
 + Level 4.7 Spellcasting
 * Level 7.6 Conjurations


You had 7 spell levels left.
You knew the following spells:

 Your Spells              Type           Power      Damage    Failure   Level
a - Magic Dart            Conj           100%       1d8       1%          1
b - Searing Ray           Conj           88%        2d7       1%          2
c - Iskenderun's Mystic   Conj/Tloc      25%        2d7       17%         4

Your spell library contained the following spells:

 Spells                   Type           Power      Damage    Failure   Level
 Kiss of Death            Conj/Necr      100%       2d13      1%          1
 Dazzling Flash           Conj/Hex       50%        N/A       5%          3
 Fulminant Prism          Conj/Hex       12%        3d9       17%         4
 Confusing Touch          Hex            5%         N/A       26%         3
 Dispel Undead            Necr           5%         3d7       63%         4


Dungeon Overview and Level Annotations

Branches:
Dungeon (4/15)             Temple (1/1) D:4

Altars:
Ashenzari
Dithmenos
Elyvilon
Fedhas
Hepliaklqana
Makhleb
Nemelex Xobeh
Okawaru
Qazlal
Trog
Uskayaw
Wu Jian
Xom
Zin
The Shining One

Shops:
D:3 *


Message History

There is a staircase to the Ecumenical Temple here.
You can't go up here!
You climb downwards.
Welcome to the Ecumenical Temple!
Found a glowing golden altar of the Shining One.
There is a staircase back to the Dungeon here.
Magic restored.
Found a sparkling altar of Nemelex Xobeh and a glowing silver altar of Zin.
Found a white marble altar of Elyvilon.
Found a shimmering altar of Xom.
Found a stormy altar of Qazlal and a hazy altar of Hepliaklqana.
Found an ornate altar of the Wu Jian Council.
Found an iron altar of Okawaru.
There is an ornate altar of the Wu Jian Council here.
Found a shadowy altar of Dithmenos.
There is an iron altar of Okawaru here.
Found a burning altar of Makhleb.
Found a blossoming altar of Fedhas.
Found a hide-covered altar of Uskayaw.
Found a bloodstained altar of Trog.
Found a broken altar of Ashenzari.
Done exploring.
(D) Dungeon (T) Temple
Where to? (Enter - D:3, ? - help)
There is a bloodstained altar of Trog here.
There is a staircase back to the Dungeon here.
You climb upwards.
Welcome back to the Dungeon!
You hear the hiss of flowing sand.
There is an entrance to an ossuary on this level.
Hurry and find it before the portal is buried!
You hear the brisk hiss of an avalanche of sand nearby.
There is a staircase to the Ecumenical Temple here.
A centaur comes into view. It is wielding a +0 hand axe.
The centaur shouts!
The centaur unwields a +0 hand axe.
The centaur wields a +0 shortbow.
The centaur shoots an arrow.
The arrow hits you.
The centaur shoots an arrow.
The arrow hits you.
The centaur shoots an arrow.
The arrow hits you!
The centaur shoots an arrow.
The arrow hits you!
* * * LOW HITPOINT WARNING * * *
The centaur shoots an arrow.
The arrow hits you!
You die...

†#.##.................#
†.....#.....#...#...#.# #
##...##.....##..##....#.#
....##..#.#..##[.+.......
.#.##..##.##..##?#.......
#.....##...##....!(......
.........>........[......
.#....##...##............
.#.## ##.##..##@..<.....
.#.. #.#..##.......###
....##..#c#####
.....#.....#
........###.# ##$######
.# .# .#


You could see a centaur.

Vanquished Creatures
  An orc priest (D:3)
  Jessica (D:3)
  An iguana (D:4)
  Ijyb (D:3)
  Terence (D:2)
  Natasha (thrice) (D:2)
  2 adders (D:2)
  A worm (D:2)
  10 orcs
  2 bats (D:3)
  7 endoplasms
  4 giant cockroaches
  6 goblins
  4 hobgoblins
  7 jackals
  3 quokkas
  9 ball pythons
  5 frilled lizards
  5 kobolds
  6 rats
79 creatures vanquished.

Vanquished Creatures (others)
  11 plants (D:4)
11 creatures vanquished.

Grand Total: 90 creatures vanquished

Notes
Turn   | Place    | Note
-------+----------+-------------------------------------------
     0 | D:1      | gruber the Deep Elf Conjurer began the quest for the Orb.
     0 | D:1      | Reached XP level 1. HP: 10/10 MP: 6/6
     0 | D:1      | Upgraded the game from 0.30-a0-172-gc5509c9e31 to
                  | 0.30-a0-177-g1cb5dbfd7a
   193 | D:1      | Reached XP level 2. HP: 15/15 MP: 0/8
   298 | D:1      | Learned a level 2 spell: Searing Ray
   413 | D:1      | Reached skill level 5 in Conjurations
   477 | D:1      | Found a faded altar of an unknown god.
  1121 | D:2      | Reached XP level 3. HP: 19/19 MP: 5/9
  1231 | D:2      | Noticed Natasha
  1234 | D:2      | Killed Natasha
  1287 | D:2      | Noticed Natasha
  1289 | D:2      | Killed Natasha
  1290 | D:2      | Reached skill level 6 in Conjurations
  1290 | D:2      | Reached XP level 4. HP: 20/24 MP: 7/11
  1329 | D:2      | Noticed Terence
  1333 | D:2      | Killed Terence
  1517 | D:2      | Learned a level 4 spell: Iskenderun's Mystic Blast
  1533 | D:2      | Noticed Natasha
  1536 | D:2      | Killed Natasha
  1537 | D:2      | Reached XP level 5. HP: 21/28 MP: 7/12
  2491 | D:3      | Reached skill level 7 in Conjurations
  2763 | D:3      | Noticed Jessica
  2766 | D:3      | Killed Jessica
  2954 | D:3      | Noticed Ijyb
  2965 | D:3      | Killed Ijyb
  3147 | D:3      | Reached XP level 6. HP: 32/32 MP: 12/14
  3238 | D:3      | Found Huxkean's General Store.
  3239 | D:3      | You fall into a shaft and drop 1 floor!
  3350 | D:4      | Found a staircase to the Ecumenical Temple.
  3385 | Temple   | Entered the Ecumenical Temple
  3495 | D:4      | Shot with an arrow by a centaur

Illustrated notes

Levels and vault maps discovered:
D:1:      evilmike_arrival_plus, layout_basic,
          shapermc_ecumenical_altar_mp_highgroup, serial_forest,
          infiniplex_forest_straight_1, infiniplex_forest_clump_small,
          infiniplex_forest_lined_room_3, infiniplex_forest_clump_small,
          infiniplex_forest_clump_small, infiniplex_forest_lined_room_3,
          infiniplex_forest_clump_curved, infiniplex_forest_lined_4_way,
          chequers_serial_rivers_small_b
D:2:      layout_basic, uniq_terence, uniq_natasha
D:3:      layout_loops_ring, serial_shops, shop, minmay_misc_feat_pillars,
          minmay_fractal_squares_diagonal_5, uniq_jessica, uniq_ijyb
D:4:      layout_basic, minmay_temple_entry_waves, serial_bayou,
          serial_bayou_pond_e, serial_bayou_lake_a, serial_bayou_lagoon_a,
          serial_bayou_ford_a, nicolae_ossuary_entry_catacombs
Temple:   eino_wide_crystal_templ

Skill      XL: |  1  2  3  4  5 |
---------------+----------------+-----
Conjurations   | 5 6 7 |  7.6
Spellcasting   | 4 |  4.7
Dodging        | |  2.4
Stealth        | |  2.4

Action                   |  1- 3 |  4- 6 || total
-------------------------+-------+-------++-------
Melee: Dagger            |       |    15 ||    15
 Cast: Magic Dart        |    52 |    58 ||   110
       Searing Ray       |     1 |    13 ||    14
Armor: Robe              |       |    12 ||    12
Dodge: Dodged            |     2 |    34 ||    36

Table legend: (Time is in decaauts)
 A = Elapsed time spent in this place.
 B = Non-inter-level travel time spent in this place.
 C = Inter-level travel time spent in this place.
 D = Time resting spent in this place.
 E = Time spent auto-exploring this place.
 F = Levels seen in this place.
 G = Mean time per level.
                   A        B        C        D        E       F      G
               +--------+--------+--------+--------+--------+-----+--------+
         Total |   3515 |   3438 |     77 |      0 |   3100 |   5 |  703.0 |
       Dungeon |   3414 |   3350 |     64 |      0 |   3025 |   4 |  853.5 |
        Temple |    101 |     88 |     13 |      0 |     75 |   1 |  101.0 |
               +--------+--------+--------+--------+--------+-----+--------+

Top non-repeatable levels by time:
     D:2: 1587 daAuts
     D:1: 1019 daAuts
     D:3: 652 daAuts
     D:4: 154 daAuts
  Temple: 101 daAuts
